AoeStats
← RIO1000

Arabia

510417096Analyzed
1v1 RM · 2d ago on Sep 30, 2026· 42m 53s· 2 players
Game mode
Random Map
Map size
Tiny (2 player)
Population
200
Speed
Normal
Resources
Standard
Victory
Conquest
Starting age
Dark Age
Ending age
Imperial Age
RankedLock teamsTeams togetherTeam positionsShared explorationLock speedFull tech treeHidden civsTurbo modeCheats
Victory
Defeat
🇲🇽 Magyars · Mexico
803
+17
🇦🇷 Mongols · Argentina
817
-44
RIO1000
6:25 Loom
8:46 Loom
10:41 Feudal Age
11:28 Double-Bit Axe
13:03 Horse Collar
18:12 Castle Age
19:11 Wheelbarrow
19:12 Heavy Plow
20:34 Bow Saw
24:22 Stone Mining
24:27 Gold Mining
26:50 Gold Shaft Mining
26:28 Scale Barding Armor
27:53 Bloodlines
27:43 Husbandry
27:43 Town Watch
28:45 Chain Barding Armor
29:24 Hand Cart
32:03 Town Patrol
36:01 Imperial Age
35:08 Fletching
35:41 Corvinian Army
35:39 Light Cavalry
36:06 Cavalier
37:15 Conscription
36:34 Hussar
38:24 Plate Barding Armor
38:19 Bodkin Arrow
SR.CEBOLLA
1:39 Loom
11:15 Feudal Age
11:41 Horse Collar
12:08 Double-Bit Axe
17:39 Castle Age
22:16 Wheelbarrow
24:47 Bow Saw
24:42 Heavy Plow
24:45 Gold Mining
25:06 Scale Barding Armor
27:17 Hand Cart
30:30 Imperial Age
28:50 Gold Shaft Mining
29:36 Husbandry
29:53 Bloodlines
32:17 Elite Steppe Lancer
33:21 Chain Barding Armor
34:35 Heavy Camel Rider
35:27 Stone Mining
36:20 Town Watch
39:31 Stone Shaft Mining
38:27 Elite Mangudai
43:16 Padded Archer Armor
43:06 Fletching
Connection lost

Rejoining the realm…

Still unreachable

The connection could not be restored.

Session expired

The server has moved on; the page needs a fresh start.